 Dungeon Crawl Stone Soup version 0.17.1-3-g152610e (webtiles) character file.

477 theElss the Cudgeler (level 7, 0/61 HPs)
             Began as a Gargoyle Berserker on Mar 1, 2016.
             Was a Priest of Trog.
             Slain by a mummy (10 damage)
             ... in an ossuary on Mar 2, 2016.
             The game lasted 00:12:08 (3497 turns).

theElss the Cudgeler (Gargoyle Berserker)           Turns: 3497, Time: 00:12:08

Health: 0/61       AC: 14    Str: 27    XL:     7   Next: 11%
Magic:  7/7        EV:  8    Int:  8    God:    Trog [***...]
Gold:   97         SH:  0    Dex:  9    Spells: 0 memorised, 6 levels left

rFire  . . .     SeeInvis .     a - +0 mace
rCold  . . .     Clarity  .     j - +0 chain mail
rNeg   + . .     SustAt   .     (no shield)
rPois  ∞         Gourm    .     s - +0 helmet
rElec  +         Spirit   .     (no cloak)
rCorr  .         Warding  .     (no gloves)
rMut   .         Stasis   .     (no boots)
MR     .....                    (no amulet)
Stlth  ..........               (no ring)
                                (no ring)

@: berserking, very quick, not resistant to hostile enchantments, extremely
unstealthy
A: negative energy resistance 1, electricity resistance, unbreathing,
petrification resistance, rot immunity, AC +4
a: Berserk, Trog's Hand, Burn Spellbooks, Renounce Religion


You were in an ossuary.
You worshipped Trog.
Trog was most pleased with you.
You were not hungry.

You visited 1 branch of the dungeon, and saw 4 of its levels.
You also visited: Ossuary.

You collected 97 gold pieces.

Inventory:

Hand Weapons
 a - a +0 mace (weapon)
 u - a +0 vampiric whip
Armour
 j - a +0 chain mail (worn)
 s - a +0 helmet (worn)
 v - a +0 ring mail of positive energy
Jewellery
 q - an uncursed amulet of stasis
Scrolls
 g - 3 scrolls of identify {unknown}
 h - 2 scrolls of amnesia {unknown}
 i - 2 scrolls of remove curse {unknown}
 m - 2 scrolls of enchant weapon {unknown}
 p - a scroll of teleportation {unknown}
 r - a scroll of fog {unknown}
Potions
 b - a potion of beneficial mutation {unknown}
 d - a potion of haste {unknown}
 e - 2 potions of might {unknown}
 f - a potion of heal wounds {unknown}
 k - 2 potions of resistance {unknown}
 l - a potion of invisibility {unknown}
 o - 2 potions of curing {unknown}
Comestibles
 c - 3 bread rations
 n - a meat ration
 t - 12 fruits


   Skills:
 - Level 3.2 Fighting
 * Level 7.8 Maces & Flails
 - Level 2.1 Armour
 - Level 1.5 Dodging


You had 6 spell levels left.
You didn't know any spells.

Dungeon Overview and Level Annotations

Branches:
Dungeon (4/15)
 Temple: D:4-7

Altars:
Cheibriados
Fedhas
Okawaru
Qazlal
Sif Muna


Innate Abilities, Weirdness & Mutations

You are resistant to torment.
Your stone body is resilient (AC +4).
You are immune to poison.
You resist negative energy.
You are resistant to electric shocks.
You can survive without breathing.
You are immune to petrification.
You are immune to rotting.


Message History

The mummy is heavily damaged.
The mummy barely misses you. The mummy hits you.
You barely miss the mummy.
The mummy is heavily damaged.
You hit the mummy but do no damage.
The mummy is heavily damaged.
The mummy hits you but does no damage. The mummy hits you!
You hit the mummy.
The mummy is severely damaged.
The mummy hits you but does no damage.
You hit the mummy.
The mummy is almost destroyed.
The mummy hits you!
* * * LOW HITPOINT WARNING * * *
A red film seems to cover your vision as you go berserk!
You feel yourself moving faster!
You feel mighty!
You feel somewhat more hungry. The mummy hits you!
* * * LOW HITPOINT WARNING * * *
The mummy hits you!
You die...

#....#
#....#
#....#
#....#
#....#
#....#
#....#
#..MM#
#.∩∩@#
######


You could see 2 mummies.

Vanquished Creatures
  Grinder (D:4)
  An orc priest (D:4)
  4 orc wizards
  A mummy (D:4)
  3 gnolls (D:3)
  2 adders
  2 worms
  3 giant geckos
  4 orcs
  2 ball pythons
  3 giant cockroaches
  2 gnoll zombies (Ossuary)
  6 goblins
  9 hobgoblins
  8 jackals (D:3)
  3 bats (D:1)
  A giant newt (D:1)
  3 hobgoblin zombies (Ossuary)
  5 kobolds
  A kobold zombie (Ossuary)
  An orc zombie (Ossuary)
  8 rats
73 creatures vanquished.

Notes
Turn   | Place    | Note
--------------------------------------------------------------
     0 | D:1      | theElss the Gargoyle Berserker began the quest for the Orb.
     0 | D:1      | Reached XP level 1. HP: 14/14 MP: 1/1
   134 | D:1      | Reached XP level 2. HP: 16/19 MP: 2/2
   663 | D:1      | Reached skill level 4 in Maces & Flails
   809 | D:2      | Reached XP level 3. HP: 13/23 MP: 3/3
  1058 | D:2      | Found a stormy altar of Qazlal.
  1229 | D:2      | Found an iron altar of Okawaru.
  1348 | D:2      | Reached ** piety under Trog
  1855 | D:3      | Found a blossoming altar of Fedhas.
  1882 | D:3      | Found a deep blue altar of Sif Muna.
  2213 | D:3      | Reached XP level 4. HP: 28/28 MP: 4/4
  2230 | D:3      | Reached skill level 5 in Maces & Flails
  2772 | D:3      | Reached XP level 5. HP: 24/32 MP: 5/5
  3045 | D:4      | Noticed Grinder
  3059 | D:4      | Killed Grinder
  3059 | D:4      | Reached skill level 7 in Maces & Flails
  3059 | D:4      | Reached XP level 6. HP: 37/37 MP: 6/6
  3145 | D:4      | Reached XP level 7. HP: 22/41 MP: 7/7
  3194 | D:4      | Reached *** piety under Trog
  3350 | D:4      | Found a snail-covered altar of Cheibriados.
  3388 | D:4      | Found a sand-covered staircase.
  3397 | Ossuary  | Entered an ossuary
  3497 | Ossuary  | Slain by a mummy

Action                   |  1- 3 |  4- 6 |  7- 9 || total
-------------------------+-------+-------+-------++-------
Melee: Mace              |   143 |   125 |    44 ||   312
Invok: Berserk           |     1 |     2 |     2 ||     5
  Eat: Chunk             |     5 |     3 |     3 ||    11
       Fruit             |       |     2 |       ||     2
